AoeStats
← SeemsFishy

Pilgrims

507321805Analyzed
4v4 RM · 14d ago on Sep 17, 2026· 43m 57s· 8 players
Game mode
Random Map
Map size
Large (8 player)
Population
200
Speed
Normal
Resources
Standard
Victory
Conquest
Starting age
Dark Age
Ending age
Imperial Age
RankedLock teamsTeams togetherTeam positionsShared explorationLock speedFull tech treeHidden civsTurbo modeCheats
Victory
Defeat
🇳🇱 Georgians · Netherlands
1388
+15
🇮🇹 Vikings · Italy
1347
+16
🇦🇿 Shu · Azerbaijan
1342
+16
🇨🇿 Koreans · Czechia
1325
+17
🇩🇪 Khmer · Germany
1444
-19
🇬🇧 Celts · United Kingdom
1399
-18
🇪🇨 Gurjaras · Ecuador
1307
-14
🇬🇧 Bulgarians · United Kingdom
1264
-13
Tonytony_Chopper
6:29 Loom
11:24 Feudal Age
15:25 Castle Age
13:21 Double-Bit Axe
13:52 Gold Mining
14:52 Fletching
17:10 Bodkin Arrow
18:35 Ballistics
18:41 Stone Mining
23:06 Careening
23:14 Clinker Construction
23:26 Fishing Lines
25:51 Horse Collar
28:06 Gillnets
30:30 Scale Mail Armor
30:41 Forging
32:00 Chain Mail Armor
32:15 Town Watch
36:32 Iron Casting
40:55 Imperial Age
41:18 Elite Berserk
42:30 Plate Mail Armor
43:00 Blast Furnace
42:28 Conscription
43:25 Elite Longship
zukarii-
3:27 Loom
12:54 Feudal Age
13:36 Double-Bit Axe
16:50 Castle Age
14:57 Gold Mining
14:57 Stone Mining
14:49 Horse Collar
15:01 Fishing Lines
21:14 Wheelbarrow
20:25 Town Watch
20:32 Fletching
22:39 Bow Saw
23:44 Bodkin Arrow
23:42 Guard Tower
23:33 Treadmill Crane
24:04 Masonry
25:46 Hand Cart
27:22 Ballistics
27:55 Svan Towers
37:03 Imperial Age
35:16 Coinage
35:14 Heavy Plow
37:50 Bracer
38:27 Keep
38:53 Chemistry
38:24 Architecture
38:51 Stone Shaft Mining
38:49 Scale Mail Armor
39:00 Forging
39:24 Pikeman
40:04 Squires
40:51 Scale Barding Armor
41:22 Iron Casting
40:41 Cavalier
41:23 Husbandry
41:36 Bloodlines
41:57 Conscription
44:25 Aznauri Cavalry
farhasha
11:28 Feudal Age
11:58 Loom
12:19 Double-Bit Axe
14:20 Fletching
20:40 Castle Age
20:12 Gold Mining
21:10 Padded Archer Armor
21:51 Bodkin Arrow
21:17 Crossbowman
24:36 Thumb Ring
25:31 Leather Archer Armor
32:36 Bow Saw
35:39 Horse Collar
41:08 Imperial Age
38:25 Pikeman
39:42 Town Watch
42:37 Bracer
41:58 Arbalester
43:03 Ballistics
Joseph90
3:44 Loom
12:39 Feudal Age
13:36 Double-Bit Axe
15:26 Fishing Lines
16:48 Gold Mining
23:30 Castle Age
23:13 Fletching
24:11 Bodkin Arrow
29:07 Bow Saw
30:14 Wheelbarrow
30:28 Gillnets
38:30 Imperial Age
38:01 Medium Warships
39:00 Ballistics
44:17 Chemistry
43:19 Bracer
SeemsFishy
2:43 Loom
11:11 Feudal Age
12:12 Double-Bit Axe
16:24 Castle Age
15:09 Forging
17:28 Medium Warships
17:54 Iron Casting
23:29 Gambesons
24:08 Man-at-Arms
24:46 Horse Collar
25:42 Bow Saw
25:44 Long Swordsman
26:49 Arson
27:19 Scale Mail Armor
28:50 Chain Mail Armor
King Hansonite III
12:50 Feudal Age
13:42 Loom
14:09 Double-Bit Axe
17:18 Stone Mining
20:21 Castle Age
18:53 Fletching
21:30 Bodkin Arrow
28:49 Stone Shaft Mining
31:20 Wheelbarrow
35:28 Gold Mining
39:03 Hand Cart
rikardo_latino
1:41 Loom
11:20 Feudal Age
13:58 Wheelbarrow
17:19 Castle Age
18:19 Hand Cart
17:51 Town Watch
18:19 Double-Bit Axe
21:06 Gold Mining
23:36 Bow Saw
25:23 Light Cavalry
28:45 Bloodlines
28:35 Husbandry
38:20 Scale Barding Armor
38:26 Forging
(o ‿ o)
11:06 Feudal Age
14:55 Castle Age
13:22 Double-Bit Axe
14:16 Gold Mining
15:53 Forging
16:42 Bow Saw
16:20 Loom
18:43 Horse Collar
21:01 Town Watch
27:06 Fletching
36:59 Wheelbarrow
39:17 Imperial Age
38:09 Gold Shaft Mining
40:45 Conscription
40:46 Siege Elephant
Connection lost

Rejoining the realm…

Still unreachable

The connection could not be restored.

Session expired

The server has moved on; the page needs a fresh start.